[Event "*** MasterClass Titled Tuesday Blitz"]
[Site "Chess.com"]
[Date "2017.09.05"]
[Round "7"]
[White "biostatistician"]
[Black "Noukii"]
[Result "0-1"]
[WhiteElo "2431"]
[BlackElo "2651"]
[TimeControl "180+2"]
[EndTime "14:41:15 PDT"]
[Termination "Noukii won by resignation"]

1. d4 d5 2. Nf3 Nf6 3. c4 c6 4.
cxd5 cxd5 5. Nc3 Nc6 6. Bf4 a6 7. Rc1 g6 8. e3 Bg4 9. Bd3 Bg7 10. O-O O-O 11. h3 Bxf3 12. Qxf3 e6 13. Na4 Nd7 14. Nc5 Nxc5 15. Rxc5 Qb6 16. b3 e5 17. Bg5 e4 18.
Bxe4 dxe4 19. Qxe4 Rfe8 20. Qh4 Qb4 21. Rfc1 Qa3 22.
Bf6 Qxa2 23. Rh5 Bxf6 24. Qxf6 gxh5 25. Rc5 Qb1+ 26. Kh2 Ne5 27. dxe5 Re6 28. Qf4 Rae8 29. Rc7 Qg6 30. Rxb7 Rxe5 31. Ra7 Rf5 32. Qh4 Qd6+ 33.
Kg1 Rc8 34. g3 Rc1+ 35. Kg2 Qd1 36. Ra8+ Kg7 37. Qd4+ Qxd4 38. exd4 Rc2 0-1

[Event "*** MasterClass Titled Tuesday Blitz"]
[Site "Chess.com"]
[Date "2017.09.05"]
[Round "7"]
[White "pawnwonder"]
[Black "chesstatour"]
[Result "0-1"]
[WhiteElo "1992"]
[BlackElo "2072"]
[TimeControl "180+2"]
[EndTime "14:41:15 PDT"]
[Termination "chesstatour won by resignation"]

1. e4 c6 2. d4 d5 3. Nc3 dxe4 4. Nxe4 Nf6 5. Ng3 h5 6. h4 Bg4 7. Be2 Qc7 8. Nf3 e6 9. Ne5 Bxe2 10. Qxe2 Nbd7 11.
Bd2 Nxe5 12. dxe5 Ng4 13. f4 Qb6 14. O-O-O O-O-O 15. Ne4 Be7 16. Kb1 Rd7 17. Bc1 Rhd8 18. Rxd7 Rxd7 19. Rd1 Rd5 20. g3 Qd8 21. Rxd5 Qxd5 22.
Nf2 Qg2 23. Qe1 Qxf2 24. Qxf2 Nxf2 25. Be3 Ne4 0-1

[Event "*** MasterClass Titled Tuesday Blitz"]
[Site "Chess.com"]
[Date "2017.09.05"]
[Round "7"]
[White "goingin33"]
[Black "r31415"]
[Result "1-0"]
[WhiteElo "2280"]
[BlackElo "2156"]
[TimeControl "180+2"]
[EndTime "14:41:17 PDT"]
[Termination "goingin33 won by resignation"]

1. e4 d6 2. d4 Nf6 3. Nc3 g6 4.
Nf3 Bg7 5. Be2 O-O 6. Be3 c6 7. a4 Qc7 8. O-O Nbd7 9. Nd2 e5 10. dxe5 dxe5 11. Nc4 Ne8 12. a5 f5 13. f3 Ndf6 14. Bc5 Rf7 15. Nd6 Rd7 16. Bc4+ Kh8 17. Nxe8 Nxe8 18. Qe2 Nd6 19. Bb3 f4 20. Rfd1 Ne8 21.
Qc4 Nf6 22. Rxd7 Bxd7 23. Rd1 b5 24. axb6 axb6 25. Bd6 Qa7 26. Bxe5 b5+ 27. Qd4 c5 28. Qf2 c4 29. Qxa7 Rxa7 30. Ba2 b4 31. Bxc4 bxc3 32. Bxc3 Ne8 33. e5 Bf5 34. Rd8 Re7 35. Bb5 Bxe5 36.
Bxe5+ Rxe5 37. Rxe8+ Rxe8 38. Bxe8 Bxc2 39. b4 Bf5 40. b5 Bc8 41. Bc6 1-0

[Event "*** MasterClass Titled Tuesday Blitz"]
[Site "Chess.com"]
[Date "2017.09.05"]
[Round "7"]
[White "gammagramma"]
[Black "krzyzan94"]
[Result "1-0"]
[WhiteElo "2360"]
[BlackElo "2485"]
[TimeControl "180+2"]
[EndTime "14:41:19 PDT"]
[Termination "gammagramma won by resignation"]

1. d4 Nf6 2. c4 g6 3. Nc3 Bg7 4. e4 d6 5. Be2 O-O 6. Bg5 c5 7.
d5 b5 8. cxb5 a6 9. a4 Nbd7 10.
Nf3 h6 11. Bd2 Ng4 12. O-O axb5 13. Bxb5 Nde5 14. Nxe5 dxe5 15. Qc1 g5 16. f3 Nf6 17.
Nd1 e6 18. Bc6 Rb8 19. Ne3 Bd7 20. Bxd7 Qxd7 21. dxe6 Qxe6 22. a5 Nd7 23. Qc4 Rxb2 24. Qxe6 fxe6 25. Nc4 Rc2 26. Rfc1 Rxc1+ 27. Rxc1 Rb8 28.
Ra1 Ra8 29. Kf1 Bf6 30. Ke2 Bd8 31. Kd3 Nb8 32. Bc3 Nc6 33. Nb6 Ra7 34. Kc4 Nxa5+ 35.
Rxa5 Bxb6 36. Rxa7 Bxa7 37. Bxe5 Kf7 38. Kb5 Ke7 39.
Ka6 Kd7 40. Kxa7 Kc6 41. Ka6 c4 42. Ka5 Kc5 43. Ka4 h5 44. h3 c3 45. Kb3 1-0

[Event "*** MasterClass Titled Tuesday Blitz"]
[Site "Chess.com"]
[Date "2017.09.05"]
[Round "7"]
[White "Alexander_Moskalenko"]
[Black "swayamsm"]
[Result "1-0"]
[WhiteElo "2671"]
[BlackElo "2521"]
[TimeControl "180+2"]
[EndTime "14:41:20 PDT"]
[Termination "Alexander_Moskalenko won by resignation"]

1. d4 Nf6 2. Bf4 c5 3. d5 b5 4.
Nf3 g6 5. Nbd2 Nxd5 6. Be5 f6 7. e4 Nc7 8. Bxc7 Qxc7 9. Bxb5 Bg7 10. Bc4 Nc6 11. c3 e6 12. O-O O-O 13. Re1 Kh8 14.
Bb3 Bb7 15. Nc4 d5 16. exd5 exd5 17. Ne3 d4 18. cxd4 cxd4 19. Nxd4 Nxd4 20. Qxd4 f5 21. Qc4 Rac8 22. Rac1 Qa5 23. Qe6 Bxb2 24. Nc4 Rxc4 25. Rxc4 Bd5 26. Qe7 Rf7 27. Qe8+ Kg7 28. Rc8 Bxb3 29.
axb3 Qd5 30. Qh8+ Kh6 31. Qxb2 f4 32. Qc1 Qf5 33. Rc5 Qg4 34. h3 Qh4 35. f3 Rd7 36.
Rc4 g5 37. Rce4 Qg3 38. Qc6+ 1-0

[Event "*** MasterClass Titled Tuesday Blitz"]
[Site "Chess.com"]
[Date "2017.09.05"]
[Round "7"]
[White "Makalexa"]
[Black "nickmatta"]
[Result "0-1"]
[WhiteElo "2154"]
[BlackElo "2321"]
[TimeControl "180+2"]
[EndTime "14:41:23 PDT"]
[Termination "nickmatta won by checkmate"]

1. e4 c5 2. Nf3 d6 3. d4 cxd4 4. Nxd4 Nf6 5. Nc3 a6 6. Be3 e6 7. f3 b5 8. Qd2 Nbd7 9. Qf2 Bb7 10. g4 h6 11. h4 b4 12. Nce2 d5 13. g5 hxg5 14.
Bh3 Rxh4 15. Bxg5 Rh8 16. O-O-O Qa5 17. Nb3 Qb6 18. Be3 Qc7 19. Bxe6 fxe6 20. Rxh8 dxe4 21.
Nc5 Nxc5 22. Bxc5 Kf7 23. Bxf8 exf3 24. Bxg7 Kxg7 25. Rdh1 Rxh8 26. Qg1+ Kf7 27. Rxh8 fxe2 28. Qf2 Qf4+ 29. Qxf4 e1=Q# 0-1

[Event "*** MasterClass Titled Tuesday Blitz"]
[Site "Chess.com"]
[Date "2017.09.05"]
[Round "7"]
[White "NTBT_DHS"]
[Black "BIG_Pirate"]
[Result "0-1"]
[WhiteElo "2504"]
[BlackElo "2328"]
[TimeControl "180+2"]
[EndTime "14:41:28 PDT"]
[Termination "BIG_Pirate won by checkmate"]

1. d4 d5 2. c4 c6 3. cxd5 cxd5 4. Bf4 Nf6 5. Nc3 Nc6 6. e3 a6 7. Bd3 Bg4 8. Nge2 e6 9. a3 Be7 10. f3 Bh5 11. Rc1 O-O 12. Qb3 Na5 13. Qa4 b5 14.
Qd1 Nc4 15. b3 Nb2 16. Qd2 Nxd3+ 17. Qxd3 Bxa3 18. Rd1 Bg6 19. e4 Rc8 20. Bg5 Be7 21.
O-O Re8 22. Nf4 dxe4 23. Nxe4 Qc7 24. Nxg6 hxg6 25. Bxf6 Bxf6 26. d5 exd5 27. Qxd5 Rcd8 28. Nd6 Re7 29. Rd3 Red7 30. Rfd1 Rxd6 31. Qxd6 Rxd6 32. Rxd6 a5 33. g3 a4 34. bxa4 bxa4 35. Ra6 a3 36. Kh1 Qc2 37. Re1 a2 38. Re8+ Kh7 39. Rea8 Qb1+ 40.
Kg2 a1=Q 41. Rxa1 Bxa1 42. h4 Be5 43. f4 Qe4+ 44. Kh3 Qxa8 45. fxe5 Qc8+ 46. Kg2 Qf5 47. e6 fxe6 48. Kh2 e5 49. Kg2 e4 50. Kh2 Qf3 51.
Kh3 e3 52. h5 gxh5 53. Kh2 e2 54. g4 Qf2+ 55. Kh3 e1=Q 56. g5 Qg3# 0-1

[Event "*** MasterClass Titled Tuesday Blitz"]
[Site "Chess.com"]
[Date "2017.09.05"]
[Round "7"]
[White "danyuffa"]
[Black "Izoria123"]
[Result "0-1"]
[WhiteElo "2579"]
[BlackElo "2650"]
[TimeControl "180+2"]
[EndTime "14:41:38 PDT"]
[Termination "Izoria123 won by resignation"]

1. d4 d6 2. Nf3 g6 3. c4 Bg7 4. Nc3 Bg4 5. g3 Bxf3 6. exf3 c6 7. d5 Nf6 8. Be2 O-O 9. O-O Nbd7 10. Be3 Qa5 11. a3 Rfc8 12. Bd4 cxd5 13. cxd5 a6 14. b4 Qd8 15. Qb3 Rc7 16. Rfd1 Rac8 17. a4 Qf8 18. a5 Ng4 19. Na4 Rc2 20. Ra2 Rc1 21. Rd2 Bxd4 22. Rxd4 Ngf6 23. Kg2 Qh6 24. f4 g5 25. fxg5 Qxg5 26. Nb6 Nxb6 27. axb6 R1c2 28.
Qf3 Rb2 29. h4 Qg6 30. R1d2 Rcc2 31. Rxc2 Qxc2 32. Bd3 Qb3 33. Rc4 Kg7 34. Qf4 Qxd3 35. Qg5+ Qg6 36. Rc7 Rxf2+ 0-1

[Event "*** MasterClass Titled Tuesday Blitz"]
[Site "Chess.com"]
[Date "2017.09.05"]
[Round "7"]
[White "ViIIagra"]
[Black "cheese111"]
[Result "1-0"]
[WhiteElo "2669"]
[BlackElo "2320"]
[TimeControl "180+2"]
[EndTime "14:41:38 PDT"]
[Termination "ViIIagra won by resignation"]

1. e4 e5 2. Nc3 Nf6 3. g3 d5 4.
exd5 Nxd5 5. Bg2 Nxc3 6. bxc3 Nc6 7. d3 Bc5 8. Nf3 O-O 9. O-O Bg4 10. h3 Bh5 11. Rb1 Bb6 12. Qe1 Re8 13. Nd2 f6 14.
Nb3 Qd6 15. Be3 Rab8 16. a4 Nd4 17. cxd4 exd4 18. Bf4 Rxe1 19. Rfxe1 Qb4 20. a5 Bxa5 21. Bd2 Qxd2 22. Nxd2 Bxd2 23. Re7 Ba5 24. Rxb7 Rxb7 25. Bxb7 Bb6 26. Re1 Bf7 27. Bc6 Kf8 28. Kg2 h5 29. f4 Bg6 30. Kf3 Bf5 31. g4 hxg4+ 32. hxg4 Bg6 33. f5 Bf7 34. Rh1 Kg8 35. Ke4 Kf8 36. Bd5 Be8 37. Rh8+ Ke7 38. Rg8 c6 39.
Rxg7+ Kd6 40. Bc4 a5 41. g5 fxg5 42. f6 a4 43. f7 Bxf7 44. Bxf7 Kc5 45. Rxg5+ Kb4 46.
Rg1 Kc3 47. Ra1 Kb4 48. Be8 a3 49. Bxc6 Bc5 50. Ra2 Kc3 51. Kd5 Bb4 52. Ba4 Be7 53. Kc6 Bf8 54. Bb3 Be7 55. Kb5 Bf8 56. Ka4 Be7 57.
Rxa3 1-0

[Event "*** MasterClass Titled Tuesday Blitz"]
[Site "Chess.com"]
[Date "2017.09.05"]
[Round "7"]
[White "iusegine"]
[Black "MatthewG-p4p"]
[Result "0-1"]
[WhiteElo "2381"]
[BlackElo "2567"]
[TimeControl "180+2"]
[EndTime "14:41:44 PDT"]
[Termination "MatthewG-p4p won by resignation"]

1. Nf3 Nf6 2. d4 c5 3. d5 e6 4.
c4 exd5 5. cxd5 d6 6. Nc3 g6 7.
Nd2 Bg7 8. e4 O-O 9. Be2 Re8 10.
O-O a6 11. a4 Nbd7 12. h3 Rb8 13. Qc2 Qc7 14. f4 c4 15. Nxc4 b5 16. axb5 axb5 17. Ne3 b4 18. Nb5 Qxc2 19. Nxc2 Nxe4 20. Kh2 b3 21.
Ncd4 Ndc5 22. Nc6 Rb6 23. Nc7 Rf8 24. g4 Bd7 25. Ne7+ Kh8 26. f5 Bf6 27. Nc6 Bxc6 28. dxc6 Rxc6 29. Nd5 Be5+ 30. Kg2 Ng3 31. Rf2 Nxe2 32.
Rxe2 Nd3 33. Bh6 Rb8 34. Ra7 Rc5 35. Rxe5 Nxe5 36. Nf6 Rc2+ 37. Kg3 Rxb2 38. Bf4 Kg7 39. g5 gxf5 40. Nh5+ Kg6 41. Ra6 Nc4 42. Rc6 Rc2 43. Bxd6 Nxd6 44. Rxd6+ Kxh5 45. h4 f4+ 46. Kxf4 Rb4+ 47.
Kf3 Rc3+ 0-1

[Event "*** MasterClass Titled Tuesday Blitz"]
[Site "Chess.com"]
[Date "2017.09.05"]
[Round "7"]
[White "HKBurwell"]
[Black "Bryakin_Mikhail"]
[Result "0-1"]
[WhiteElo "2359"]
[BlackElo "2539"]
[TimeControl "180+2"]
[EndTime "14:41:47 PDT"]
[Termination "Bryakin_Mikhail won by resignation"]

1. d4 d5 2. c4 c6 3. Nc3 dxc4 4.
e4 b5 5. a4 b4 6. Nce2 Nf6 7.
Ng3 e5 8. Nf3 exd4 9. Bxc4 Bc5 10. e5 Nd5 11. O-O Bg4 12. h3 Bxf3 13. Qxf3 O-O 14. Nf5 Nd7 15. Qg3 g6 16. Bh6 Re8 17.
Rae1 N7b6 18. e6 Nxc4 19. exf7+ Kxf7 20. Qf3 Qf6 21. g4 gxf5 22. g5 Qg6 23. h4 Ne5 24.
Qg3 Ng4 25. Rc1 Nxh6 26. Rxc5 Ng4 27. Rfc1 Re6 28. Qf3 Ne5 29. Qg3 f4 30. Qh3 Qe4 31. h5 Nf3+ 32. Kf1 Nd2+ 33. Kg1 Nf3+ 34. Kf1 Nxg5 35.
Rxc6 Nxh3 0-1

[Event "*** MasterClass Titled Tuesday Blitz"]
[Site "Chess.com"]
[Date "2017.09.05"]
[Round "7"]
[White "popov_m"]
[Black "Sanan_Sjugirov"]
[Result "0-1"]
[WhiteElo "2445"]
[BlackElo "2645"]
[TimeControl "180+2"]
[EndTime "14:41:50 PDT"]
[Termination "Sanan_Sjugirov won by resignation"]

1. d4 g6 2. Bf4 Bg7 3. Nf3 d6 4. e3 Nd7 5. h3 e5 6. Bh2 Ne7 7. Nbd2 O-O 8. Bc4 h6 9. a4 Kh7 10. Ba2 f5 11. dxe5 dxe5 12. h4 Nc6 13. Ng5+ Kh8 14.
Ne6 Qxh4 15. Nxg7 Nc5 16. Nf3 Qf6 17. b4 e4 18. Bf4 exf3 19. gxf3 g5 20. bxc5 gxf4 21.
Nh5 Qc3+ 22. Kf1 fxe3 23. fxe3 Qxe3 24. Rg1 f4 25. Kg2 Bf5 26. Kh2 Qf2+ 27. Rg2 Qh4+ 28. Kg1 Qxh5 29. Qd5 Rad8 30. Qb3 Nd4 31. Qb2 Kh7 32. Rf1 Rd7 33. c6 bxc6 34. c4 Nxf3+ 35. Rxf3 Qxf3 36. c5 Rd1+ 0-1

[Event "*** MasterClass Titled Tuesday Blitz"]
[Site "Chess.com"]
[Date "2017.09.05"]
[Round "7"]
[White "Vamostodorecto"]
[Black "Kirill_Klukin"]
[Result "0-1"]
[WhiteElo "2332"]
[BlackElo "2498"]
[TimeControl "180+2"]
[EndTime "14:41:50 PDT"]
[Termination "Kirill_Klukin won on time"]

1. d4 Nf6 2. c4 g6 3. Nc3 Bg7 4. e4 d6 5. Be2 O-O 6. Nf3 Na6 7. O-O e5 8. Be3 Ng4 9. Bg5 Qe8 10. dxe5 dxe5 11. Qc1 h6 12. Bd2 Kh7 13. c5 Nxc5 14. Nd5 Qc6 15. Bb4 b6 16. Bxc5 bxc5 17. h3 Nf6 18. Nxe5 Qe6 19. Ng4 Nxd5 20. Bc4 Qxe4 21. Re1 Qf5 22. Re5 Bxe5 23. Bxd5 Rb8 24. Qxh6+ Kg8 25.
Ne3 Qf6 26. Nc4 Bf4 0-1

[Event "*** MasterClass Titled Tuesday Blitz"]
[Site "Chess.com"]
[Date "2017.09.05"]
[Round "7"]
[White "XeresLt"]
[Black "2L8IWUN"]
[Result "0-1"]
[WhiteElo "2364"]
[BlackElo "1797"]
[TimeControl "180+2"]
[EndTime "14:41:50 PDT"]
[Termination "2L8IWUN won by resignation"]

1. e4 c5 2. Nf3 d6 3. d4 cxd4 4. Nxd4 Nf6 5. Nc3 Nc6 6. Bg5 e6 7. Qd2 a6 8. Bc4 Bd7 9. Bb3 Be7 10. O-O-O h6 11. Bh4 O-O 12. Kb1 Na5 13. f3 Nxe4 14. Nxe4 Bxh4 15. Nxd6 Qb6 16. Ne4 Rfd8 17. Qf4 Be7 18.
g4 Nxb3 19. axb3 a5 20. g5 hxg5 21. Nxg5 Bf6 22. Qh4 a4 23. Rhg1 axb3 24. Nxb3 Qa7 25. Qh7+ Kf8 26. c3 Qa2+ 27. Kc2 Ba4 28. Nxe6+ fxe6 29. Qh8+ Kf7 30. Qh5+ Kg8 31. Rxd8+ Rxd8 0-1

[Event "*** MasterClass Titled Tuesday Blitz"]
[Site "Chess.com"]
[Date "2017.09.05"]
[Round "7"]
[White "Alex_Molchanov"]
[Black "Me_ch_an"]
[Result "1-0"]
[WhiteElo "2495"]
[BlackElo "2205"]
[TimeControl "180+2"]
[EndTime "14:41:52 PDT"]
[Termination "Alex_Molchanov won on time"]

1. c4 e5 2. g3 Nc6 3. Bg2 g6 4. Nc3 d6 5. e4 Be6 6. d3 Qd7 7. h3 Bg7 8. Nge2 Nge7 9. Be3 O-O 10.
Qd2 f5 11. Bh6 Rf7 12. Bxg7 Kxg7 13. Nd5 Raf8 14. f4 fxe4 15. dxe4 Nd8 16. O-O-O c6 17. Ne3 Nc8 18. Qc3 Qc7 19. g4 Kg8 20. f5 Bd7 21. h4 a6 22. Bh3 b5 23. g5 Nb7 24.
cxb5 axb5 25. h5 gxh5 26. Bg2 Nc5 27. Rxh5 Nb6 28. Rdh1 Nba4 29. Qc2 Qa5 30. Ng4 Qb4 31. g6 Qxb2+ 32. Qxb2 Nd3+ 33. Kc2 Naxb2 34. gxf7+ Kxf7 35. Rxh7+ Ke8 36. R1h3 c5 37. Rxd3 Nxd3 38. Kxd3 b4 39. Kc4 Ba4 40. Kd5 b3 41. axb3 Bxb3+ 42. Kxd6 c4 43.
Nc3 1-0

[Event "*** MasterClass Titled Tuesday Blitz"]
[Site "Chess.com"]
[Date "2017.09.05"]
[Round "7"]
[White "3f32"]
[Black "Tarlev_Konstantin"]
[Result "0-1"]
[WhiteElo "2379"]
[BlackElo "2592"]
[TimeControl "180+2"]
[EndTime "14:41:57 PDT"]
[Termination "Tarlev_Konstantin won by resignation"]

1. d4 Nf6 2. c4 e6 3. Nc3 Bb4 4. e3 O-O 5. Ne2 d5 6. a3 Be7 7.
cxd5 exd5 8. g3 c6 9. Bg2 a5 10. O-O Na6 11. Nf4 Re8 12. h3 Bd6 13. Nd3 Bf5 14. g4 Bxd3 15. Qxd3 Nc7 16. Bd2 Ne6 17.
Na4 Ng5 18. Rac1 Nfe4 19. Be1 h5 20. f3 Ng3 21. Bxg3 Bxg3 22. f4 Ne4 23. Bxe4 Rxe4 24. Kg2 Bh4 25. Nc5 Re7 26. g5 Qd6 27. Rf3 Rae8 28.
Rc3 f6 29. Qg6 b6 30. Na4 c5 31. dxc5 bxc5 32. gxf6 Bxf6 33. Nxc5 d4 34. Rc1 dxe3 35.
Nd3 e2 36. Re1 Qd5 37. Ne5 Bxe5 38. Rxe2 Bf6 39. Qxe8+ Rxe8 40. Rxe8+ Kh7 41. Re2 Qb5 42. Rff2 Bd4 0-1

[Event "*** MasterClass Titled Tuesday Blitz"]
[Site "Chess.com"]
[Date "2017.09.05"]
[Round "7"]
[White "TomsKantans"]
[Black "kikydu96"]
[Result "1-0"]
[WhiteElo "2427"]
[BlackElo "2318"]
[TimeControl "180+2"]
[EndTime "14:42:01 PDT"]
[Termination "TomsKantans won on time"]

1. e4 c5 2. Nf3 d6 3. Bb5+ Bd7 4. a4 Nc6 5. O-O Nf6 6. Re1 e6 7. c3 Be7 8. d4 cxd4 9. cxd4 O-O 10. Nc3 Rc8 11. h3 e5 12. Be3 a6 13. Bf1 Re8 14. Qb3 Na5 15. Qa2 Be6 16. d5 Bd7 17. Rec1 Rxc3 18. Rxc3 Nxe4 19. Rcc1 b6 20. Bxa6 Nc5 21.
Bc4 f5 22. b4 Nxc4 23. Qxc4 Nxa4 24. b5 Nc5 25. Bxc5 bxc5 26. Ra7 Bf6 27. b6 e4 28. Ne1 f4 29. b7 Qb8 30. Qa6 e3 31. fxe3 fxe3 32. Ra8 Qc7 33. Rxe8+ Bxe8 34. Rb1 1-0

[Event "*** MasterClass Titled Tuesday Blitz"]
[Site "Chess.com"]
[Date "2017.09.05"]
[Round "7"]
[White "ChessQueen"]
[Black "JaimeSantosLatasa"]
[Result "0-1"]
[WhiteElo "2591"]
[BlackElo "2588"]
[TimeControl "180+2"]
[EndTime "14:42:08 PDT"]
[Termination "JaimeSantosLatasa won by resignation"]

1. e4 c5 2. Nf3 d6 3. Bb5+ Nd7 4. O-O a6 5. Bd3 Ngf6 6. c3 b5 7. a4 Bb7 8. Re1 e6 9. Bc2 Rc8 10. d4 cxd4 11. Nxd4 bxa4 12. Bg5 Be7 13. Nd2 h6 14. Bxf6 Bxf6 15. Bxa4 O-O 16. Qe2 Nb6 17. Bb3 Re8 18. Nf1 Qc7 19. Ng3 Qc5 20. Red1 g6 21. Nc2 Bg7 22. Ne3 h5 23. Nc2 h4 24. Nf1 d5 25. e5 Nd7 26. Ba4 Bc6 27. Bxc6 Qxc6 28.
Rxa6 Qb7 29. Nb4 Nxe5 30. Ne3 h3 31. f4 Nc4 32. Nxc4 Rxc4 33. Rda1 hxg2 34. Nd3 Re4 35.
Qxg2 Qb5 36. Qd2 d4 37. c4 Qxc4 38. R6a4 Qd5 39. Ra5 Qd8 40. b4 Re3 41. b5 e5 42.
Nxe5 Bxe5 43. fxe5 Qg5+ 44. Qg2 Qxe5 45. Rf1 Re1 46.
Ra1 Rxa1 47. Rxa1 Qxb5 48. Kh1 d3 49. Rf1 Rd8 50. Qf3 Qd5 51. Qxd5 Rxd5 52. Rd1 d2 53. Kg2 Kg7 54. Kf3 Kh6 55. Ke3 Kh5 56. Rxd2 Rxd2 57.
Kxd2 Kh4 0-1

[Event "*** MasterClass Titled Tuesday Blitz"]
[Site "Chess.com"]
[Date "2017.09.05"]
[Round "7"]
[White "Muracle"]
[Black "manubibi"]
[Result "0-1"]
[WhiteElo "2454"]
[BlackElo "2436"]
[TimeControl "180+2"]
[EndTime "14:42:12 PDT"]
[Termination "manubibi won by resignation"]

1. Nf3 Nf6 2. g3 g6 3. Bg2 Bg7 4. O-O O-O 5. d4 d6 6. b3 a5 7. a4 Nc6 8. Bb2 e5 9. dxe5 Ng4 10. Qd2 dxe5 11. Qxd8 Rxd8 12. Nfd2 Nd4 13. Bxd4 exd4 14. Ra2 Rb8 15. Nc4 b6 16. Nba3 Bb7 17. Nb5 Rd7 18. Bxb7 Rxb7 19. Raa1 c6 20. Nbd6 Rb8 21. Ne4 Re7 22.
f3 f5 23. Ned6 Nf6 24. Rad1 Nd5 25. Rd2 Re6 26. g4 b5 27. gxf5 gxf5 28. axb5 cxb5 29. Nxf5 bxc4 30. bxc4 Ne3 31. Nxe3 Rxe3 32. Kf2 Rc3 33. Ra1 Bh6 34. Rd3 Be3+ 35. Kg3 Rxc2 36. Rxa5 Rxe2 37. f4 Kh8 38. Kf3 Rf2+ 39. Ke4 Rxf4+ 40. Kd5 Rf5+ 0-1

[Event "*** MasterClass Titled Tuesday Blitz"]
[Site "Chess.com"]
[Date "2017.09.05"]
[Round "7"]
[White "platy3"]
[Black "nihalsarin"]
[Result "1-0"]
[WhiteElo "2581"]
[BlackElo "2635"]
[TimeControl "180+2"]
[EndTime "14:42:14 PDT"]
[Termination "platy3 won by resignation"]

1. e4 c5 2. Nf3 d6 3. c3 Nf6 4. h3 Bd7 5. Bd3 Bc6 6. Qe2 Nbd7 7. Bc2 e6 8. O-O Be7 9. d4 cxd4 10.
cxd4 d5 11. e5 Ne4 12. Nc3 Nxc3 13. bxc3 h6 14. a4 Qa5 15. Bd2 Qc7 16. Bd3 Rc8 17.
a5 a6 18. Ne1 h5 19. Nc2 Nb8 20. Ne3 g6 21. Rfc1 Qd8 22. g3 Bd7 23. Ng2 Nc6 24. Nf4 Kf8 25. Rcb1 Rc7 26. h4 Kg7 27. Nh3 Na7 28.
Ng5 Bb5 29. Qf3 Qe8 30. Bc2 Bc4 31. Rb6 Nc6 32. Rab1 Bb5 33. Bd3 Bxd3 34. Qxd3 Nxa5 35.
Rxe6 Qd7 36. Reb6 Bxg5 37. Bxg5 Re8 38. Rf6 Re6 39. Rf4 Nc4 40. Bf6+ Kh7 41. g4 hxg4 42. h5 Rc8 43. hxg6+ fxg6 44. Kg2 Rxf6 45. Rxf6 1-0

[Event "*** MasterClass Titled Tuesday Blitz"]
[Site "Chess.com"]
[Date "2017.09.05"]
[Round "7"]
[White "Blitzstream"]
[Black "stefanodinn"]
[Result "1-0"]
[WhiteElo "2478"]
[BlackElo "2202"]
[TimeControl "180+2"]
[EndTime "14:42:14 PDT"]
[Termination "Blitzstream won on time"]

1. g4 d5 2. Bg2 c6 3. g5 e5 4. d4 e4 5. h4 h6 6. c4 hxg5 7. hxg5 Rxh1 8. Bxh1 Be7 9. g6 fxg6 10. Nc3 Nf6 11.
Bf4 Be6 12. Qb3 Qb6 13. c5 Qxb3 14. axb3 Nbd7 15. b4 Nh5 16. Bh2 Ndf6 17. f3 exf3 18. exf3 Kf7 19. Nge2 Bf5 20. b5 Bd3 21. bxc6 bxc6 22. Kd2 Bxe2 23. Nxe2 a5 24. Ra4 Bd8 25.
Bg2 Ne8 26. Bh3 Nhf6 27. Nf4 Bc7 28. Be6+ Ke7 29. Bh3 g5 30. Ng6+ Kf7 31. Ne5+ Bxe5 32. Bxe5 Nh5 33. Bd7 Ra6 34. b4 Nef6 35. Bc8 Ra8 36. Bb7 Rb8 37. Bxb8 1-0

[Event "*** MasterClass Titled Tuesday Blitz"]
[Site "Chess.com"]
[Date "2017.09.05"]
[Round "7"]
[White "kleinebeer98"]
[Black "wonderfultime"]
[Result "1-0"]
[WhiteElo "2484"]
[BlackElo "2658"]
[TimeControl "180+2"]
[EndTime "14:42:15 PDT"]
[Termination "kleinebeer98 won by resignation"]

1. e4 c5 2. Nf3 d6 3. d4 cxd4 4. Nxd4 Nf6 5. Nc3 g6 6. h3 Bg7 7. Bc4 O-O 8. O-O Nc6 9. Nf3 a6 10. Re1 b5 11. Bb3 Bb7 12. Bg5 Re8 13. a4 b4 14. Nd5 Nd7 15. c3 bxc3 16. bxc3 Nc5 17. Ba2 Rb8 18. Qd2 Ne5 19. Nxe5 Bxe5 20. Rad1 Qd7 21.
Bf4 Bxd5 22. Bxd5 Bxf4 23. Qxf4 e6 24. Ba2 Qxa4 25. Qxd6 Nxe4 26. Qe5 Nxf2 27. Rd2 Nd3 28. Rxd3 Qxa2 29. Rf1 Rf8 30. h4 Rb5 31. Qf6 Qc4 32.
Rh3 Qc5+ 33. Kh1 Qe5 34. Qe7 Qc5 35. Qf6 Qc4 36. h5 Qg4 37. h6 1-0

[Event "*** MasterClass Titled Tuesday Blitz"]
[Site "Chess.com"]
[Date "2017.09.05"]
[Round "7"]
[White "Bengalas"]
[Black "The_Jagermeister"]
[Result "1-0"]
[WhiteElo "2507"]
[BlackElo "2413"]
[TimeControl "180+2"]
[EndTime "14:42:15 PDT"]
[Termination "Bengalas won by resignation"]

1. d4 d5 2. c4 e6 3. Nc3 c6 4. e3 Nf6 5. Nf3 Nbd7 6. Qc2 Bd6 7.
b3 O-O 8. Bd3 e5 9. cxd5 cxd5 10. Nb5 Bb8 11. dxe5 Nxe5 12. Nxe5 Bxe5 13. Bb2 Qa5+ 14.
Ke2 Bxb2 15. Qxb2 Bd7 16. Nd4 Rac8 17. Rac1 Rfe8 18. a3 Ne4 19. b4 Qb6 20. Rxc8 Bxc8 21. Rc1 Qg6 22. Kf1 Bf5 23. Kg1 Qf6 24. Qc2 h5 25. f3 Rc8 26. Qxc8+ Bxc8 27. Rxc8+ Kh7 28. fxe4 dxe4 29. Bxe4+ g6 30. Bf3 Qe5 31. Rc3 a5 32. bxa5 Qxa5 33. Ne2 b5 34. Kf2 b4 35. axb4 Qxb4 36.
g3 Qb2 37. Rc7 Kg7 38. Bd5 Qf6+ 39. Bf3 Kh6 40. Nd4 g5 41. Rc6 1-0

[Event "*** MasterClass Titled Tuesday Blitz"]
[Site "Chess.com"]
[Date "2017.09.05"]
[Round "7"]
[White "Frolik67"]
[Black "jlandaw"]
[Result "1-0"]
[WhiteElo "2517"]
[BlackElo "2395"]
[TimeControl "180+2"]
[EndTime "14:42:22 PDT"]
[Termination "Frolik67 won on time"]

1. e4 e5 2. Nf3 Nc6 3. Bc4 Bc5 4. c3 Nf6 5. d4 exd4 6. cxd4 Bb4+ 7. Bd2 Bxd2+ 8. Nbxd2 d5 9. exd5 Nxd5 10. O-O O-O 11. Rc1 Nb6 12. Bb3 Bg4 13. h3 Bh5 14. Rc5 Bg6 15. Nc4 Nd7 16. Rb5 a6 17. Rd5 Be4 18. Ne3 Bxd5 19. Bxd5 Nb4 20. Bxb7 Rb8 21. Be4 Nf6 22.
Bb1 Nbd5 23. Ne5 Rxb2 24. Qd3 Nf4 25. Qxa6 Qxd4 26. Nf3 Qb4 27. a3 Qb6 28. Qxb6 Rxb6 29. Nc4 Ra6 30. Kh2 Rb8 31. g3 Ne6 32. Rc1 h6 33. Bd3 Rb3 34. Nfe5 Ra8 35. Bf1 Nd5 36. Bg2 Rb5 37. Rd1 Nc3 38. Rd3 Ra4 39. Rxc3 Rc5 40. Bf1 f6 41. Nf3 Ng5 42. Nfd2 Rd5 43. Nb2 Raa5 44.
Bc4 1-0

[Event "*** MasterClass Titled Tuesday Blitz"]
[Site "Chess.com"]
[Date "2017.09.05"]
[Round "7"]
[White "GMKrikor"]
[Black "jk13"]
[Result "1/2-1/2"]
[WhiteElo "2582"]
[BlackElo "2440"]
[TimeControl "180+2"]
[EndTime "14:42:34 PDT"]
[Termination "Game drawn by repetition"]

1. e4 e5 2. Nf3 Nc6 3. Bb5 a6 4. Ba4 Nf6 5. O-O b5 6. Bb3 Bc5 7. a4 Rb8 8. axb5 axb5 9. Nxe5 Nxe5 10. d4 Bxd4 11. Qxd4 d6 12. Bf4 c5 13. Qd2 c4 14.
Ba2 O-O 15. f3 Re8 16. Nc3 b4 17. Ne2 b3 18. cxb3 cxb3 19. Bb1 Qb6+ 20. Qd4 Nc4 21. Qxb6 Rxb6 22. Rc1 Nxb2 23. Ra8 Bd7 24. Rxe8+ Nxe8 25. Nc3 Rc6 26. Kf1 Be6 27. Ke1 Kf8 28. Nb5 Rxc1+ 29. Bxc1 Nc4 30. Bd3 Ne5 31. Be2 Bc4 32. Nd4 Bxe2 33. Kxe2 Nc4 34. Nxb3 Ke7 35. Kd3 Ne5+ 36.
Ke3 f6 37. Nd4 g6 38. f4 Ng4+ 39. Kf3 Nxh2+ 40. Kg3 Nf1+ 41. Kf2 Nh2 42. Kg3 Nf1+ 43. Kf2 Nh2 44. Kg3 Nf1+ 45. Kf2 Nh2 46. Kg3 Nf1+ 47. Kf2 Nh2 48. Kg3 1/2-1/2